 Dungeon Crawl Stone Soup version 0.31-a0-841-g038b102fc3 (webtiles) character file.

Game seed: 3188196846725954870

33 Aneyh the Poker (level 3, 0/23 HPs)
             Began as a Tengu Monk on Sept 28, 2023.
             Slain by a gnoll
             ... wielding a +3 whip
              (12 damage)
             ... on level 2 of the Dungeon.
             The game lasted 00:02:02 (872 turns).

Aneyh the Poker (Tengu Monk)                         Turns: 872, Time: 00:02:03

Health: 0/23       AC:  2    Str: 13    XL:     3   Next: 29%
Magic:  4/4        EV:  7    Int: 10    God:
Gold:   73         SH:  0    Dex: 16    Spells: 2/2 levels left

rFire   . . .        a - +2 spear (flame)
rCold   . . .        (no shield)
rNeg    . . .        b - +0 robe
rPois   .            (helmet restricted)
rElec   .            (no cloak)
rCorr   .            (no gloves)
SInv    .            (boots unavailable)
Will    .....        (no amulet)
Stlth   +            (no ring)
HPRegen 0.23/turn    (no ring)
MPRegen 0.09/turn

%: acrobat
@: confused, ambrosia-drunk, held
A: beak, talons 3, acrobatic
a: no special abilities


You were on level 2 of the Dungeon.
You visited 1 branch of the dungeon, and saw 2 of its levels.

You collected 73 gold pieces.

Inventory:

Hand Weapons
 a - a +2 spear of flaming (weapon)
 d - a +2 dagger of venom
Armour
 b - a +0 robe (worn)
Scrolls
 e - a scroll of revelation {unknown}
 f - 2 scrolls of identify {unknown}
 g - a scroll of immolation {unknown}
 h - a scroll of vulnerability {unknown}
 i - a scroll of poison {unknown}
Potions
 j - 2 potions of invisibility {unknown}


   Skills:
 - Level 3.0 Fighting
 + Level 4.7 Polearms
 - Level 3.2 Dodging


You had 2 spell levels left.
You didn't know any spells.
Your spell library contained the following spells:

 Spells                   Type           Power      Damage    Failure   Level
 Poisonous Vapours        Pois/Air       0%         N/A       50%         2
 Mephitic Cloud           Conj/Pois/Air  0%         N/A       75%         3
 Freezing Cloud           Conj/Ice/Air   0%         6-21      100%        5


Dungeon Overview and Level Annotations

Branches:
Dungeon (2/15)

Altars:

Shops:
D:2 =


Innate Abilities, Weirdness & Mutations

You have a beak for a mouth.
You have claws for feet.
You can magically evade attacks while moving or waiting.


Message History

The bat closely misses you.
You reach to attack!
You hit the bat. You burn the bat.
You kill the bat!
No target in view!
No target in view!
j - 2 lumpy golden potions You now have 73 gold pieces (gained 13).
A gnoll comes into view. It is wielding a +3 whip.
A gnoll is nearby!
A gnoll comes into view. It is wielding a +0 halberd.
The gnoll shouts! x2; You hear a shout!
A gnoll comes into view. It is wielding a +0 halberd.
You hear a shout!
You reach to attack!
You barely miss the gnoll.
You reach to attack!
You hit the gnoll. You burn the gnoll.
The gnoll is heavily wounded.
You closely miss the gnoll.
The gnoll is heavily wounded.
The gnoll barely misses you.
A gnoll comes into view. It is wielding a +0 spear.
You hit the gnoll. You burn the gnoll. Your kick misses the gnoll.
The gnoll is almost dead.
The gnoll hits you from afar with a +0 halberd.
You hit the gnoll but do no damage.
The gnoll is almost dead.
The gnoll closely misses you.
The gnoll throws a throwing net.
The throwing net hits you.
You become entangled in the net!
You struggle against the net.
The gnoll hits you with a +3 whip!
The gnoll hits you from afar with a +0 halberd!
* * * LOW HITPOINT WARNING * * *
Sorry, you're not good enough to have a special ability.
Unknown command.
You are confused.
You feel invigorated. The gnoll hits you with a +3 whip.
* * * LOW HITPOINT WARNING * * *
You tear a large gash into the net.
The gnoll hits you with a +3 whip.
Unknown command.
You struggle against the net.
The gnoll hits you with a +3 whip!
Ouch! That really hurt!
You die...

...<...# ######.# .#
#.# .## #.# ... #.# .g#
#.# #g# ####.# #g##
##.##.# #..##
##...#.#########@g.####
......................+
##...#.#########...####
##.##.# ......# ####.#
#.###.# #.# #.# .# #.#
... # ######.# #.#
.......# .#


You could see 4 gnolls.

Vanquished Creatures
  A dart slug (D:1)
  2 endoplasms (D:1)
  3 giant cockroaches
  5 goblins
  3 hobgoblins (D:1)
  3 quokkas (D:1)
  2 ball pythons (D:1)
  2 bats (D:2)
  3 frilled lizards (D:1)
  3 kobolds (D:1)
  A rat (D:1)
28 creatures vanquished.

Notes
Turn   | Place    | Note
-------+----------+-------------------------------------------
     0 | D:1      | Aneyh the Tengu Monk began the quest for the Orb.
     0 | D:1      | Reached XP level 1. HP: 14/14 MP: 2/2
    54 | D:1      | Reached XP level 2. HP: 10/19 MP: 3/3
    60 | D:1      | Reached skill level 4 in Polearms
   415 | D:1      | Reached XP level 3. HP: 23/23 MP: 4/4
   781 | D:2      | Found Hoeqadom's One-of-a-Kind Rings.
   872 | D:2      | Slain by a gnoll

Illustrated notes

Levels and vault maps discovered:
D:1:      psy_arrival_dodecagon, layout_loops_ring
D:2:      layout_loops_corners, grunt_ministairs_1, nicolae_shop_unique_rings,
          dk_noncrumbling_4, lemuel_flame_loot_1, uniq_jessica

Skill      XL: |  1  2 |
---------------+-------+-----
Polearms       | 4 |  4.7
Fighting       | |  3.0
Dodging        | |  3.2

Action                     || total
---------------------------++-------
  Melee: Spear             ||    68
         Kick              ||    13
         Peck              ||     2
    Use: Potion            ||     1
   Stab: Sleeping          ||     3
         Distracted        ||     1
 Armour: Robe              ||    19
  Dodge: Dodged            ||    21

Table legend: (Time is in decaauts)
 A = Elapsed time spent in this place.
 B = Non-inter-level travel time spent in this place.
 C = Inter-level travel time spent in this place.
 D = Time resting spent in this place.
 E = Time spent auto-exploring this place.
 F = Levels seen in this place.
 G = Mean time per level.
                   A        B        C        D        E       F      G
               +--------+--------+--------+--------+--------+-----+--------+
         Total |    864 |    844 |     20 |     59 |    619 |   2 |  432.0 |
       Dungeon |    864 |    844 |     20 |     59 |    619 |   2 |  432.0 |
               +--------+--------+--------+--------+--------+-----+--------+

Top non-repeatable levels by time:
     D:1: 691 daAuts
     D:2: 172 daAuts
